 Dungeon Crawl Stone Soup version 0.27-a0-1189-gb8eb6cee8e (webtiles) character file.

Game seed: 12302199044772301862

72 leviel the Conjurer (level 4, 0/30 HPs)
             Began as a Human Conjurer on May 22, 2021.
             Slain by a hobgoblin (4 damage)
             ... led by Robin
             ... on level 2 of the Dungeon.
             The game lasted 00:06:03 (1632 turns).

leviel the Conjurer (Human Conjurer)                Turns: 1632, Time: 00:06:03

Health: 0/30       AC:  4    Str:  7    XL:     4   Next: 48%
Magic:  0/7        EV: 12    Int: 19    God:
Gold:   40         SH:  0    Dex: 10    Spells: 1/7 levels left

rFire    . . .     SeeInvis .   (no weapon)
rCold    . . .     Faith    .   (no shield)
rNeg     . . .     Spirit   .   a - +0 robe
rPois    .         Reflect  .   (no helmet)
rElec    .         Harm     .   (no cloak)
rCorr    .         Rampage  .   (no gloves)
Will     .....                  (no boots)
Stlth    ++........             (no amulet)
HPRegen  0.10/turn              (no ring)
MPRegen  0.10/turn              (no ring)

@: flying
A: iridescent scales 1, clumsy 1
a: no special abilities


You were on level 2 of the Dungeon.
You visited 1 branch of the dungeon, and saw 2 of its levels.

You collected 40 gold pieces.

Inventory:

Armour
 a - a +0 robe (worn)
Potions
 d - a potion of flight


   Skills:
 + Level 2.2 Dodging
 + Level 2.4 Stealth
 + Level 2.4 Spellcasting
 + Level 5.1 Conjurations


You had one spell level left.
You knew the following spells:

 Your Spells              Type           Power      Damage    Failure   Level
a - Magic Dart            Conj           84%        1d7       1%          1
b - Dazzling Flash        Conj/Hex       24%        N/A       17%         3
c - Searing Ray           Conj           42%        3d4       3%          2

Your spell library contained the following spells:

 Spells                   Type           Power      Damage    Failure   Level
 Animate Skeleton         Necr           4%         N/A       16%         1
 Apportation              Tloc           4%         N/A       16%         1
 Corona                   Hex            2%         N/A       16%         1
 Summon Small Mammal      Summ           8%         N/A       16%         1
 Fulminant Prism          Conj/Hex       6%         3d7       50%         4
 Iskenderun's Mystic Bla  Conj/Tloc      12%        2d5       50%         4


Dungeon Overview and Level Annotations

Branches:
Dungeon (2/15)

Altars:

Shops:
D:2 =([


Innate Abilities, Weirdness & Mutations

You are partially covered in iridescent scales. (AC +2)
You are clumsy. (Dex -2)


Message History

The hobgoblin misses you. The hobgoblin barely misses you.
The hobgoblin closely misses you.
You barely miss the hobgoblin.
The hobgoblin is lightly wounded.
The hobgoblin closely misses you. The hobgoblin barely misses you.
The hobgoblin hits you but does no damage.
You hit the hobgoblin but do no damage.
The hobgoblin is lightly wounded.
The hobgoblin completely misses you.
The hobgoblin hits you but does no damage.
The hobgoblin misses you.
You closely miss the hobgoblin.
The hobgoblin is lightly wounded.
The hobgoblin barely misses you.
The hobgoblin hits you but does no damage. x2
You are too injured to fight recklessly!
Aiming: Searing Ray (safe; 3% risk of failure)
Press: ? - help, Q - select action, (/) - cycle Shift-Dir - straight line, f - hobgoblin
Aim: a hobgoblin (78% to hit)
The searing ray hits the hobgoblin!
You kill the hobgoblin!
The searing ray hits the goblin!
You kill the goblin! (Press . to maintain the ray.)
The hobgoblin hits you but does no damage.
The hobgoblin barely misses you. The goblin completely misses you.
You hit the hobgoblin but do no damage.
The hobgoblin is lightly wounded.
The hobgoblin closely misses you. The hobgoblin hits you.
* * * LOW HITPOINT WARNING * * *
The goblin hits you but does no damage.
You barely miss the hobgoblin.
The hobgoblin is lightly wounded.
The hobgoblin barely misses you.
The hobgoblin hits you but does no damage.
The goblin hits you but does no damage.
You hit the hobgoblin but do no damage.
The hobgoblin is lightly wounded.
The hobgoblin hits you.
You die... ##### #gg@# #ggg# #ggg#

#).g#
#####..g#
#.......#
************
#.......#
*,,,,,,,,,,*
##.......#
*,,,,,,,,,,***
#...?..#.#
*,,,,,,,,,,,,,


You could see 4 hobgoblins and 6 goblins.

Vanquished Creatures
  Robin (D:2)
  3 adders (D:2)
  A dart slug (D:1)
  3 bats
  4 endoplasms
  A giant cockroach (D:1)
  4 hobgoblins
  4 jackals (D:2)
  2 quokkas (D:1)
  2 ball pythons
  A frilled lizard (D:2)
  A goblin (D:2)
  4 rats (D:1)
31 creatures vanquished.

Notes
Turn   | Place    | Note
-------+----------+-------------------------------------------
     0 | D:1      | leviel the Human Conjurer began the quest for the Orb.
     0 | D:1      | Reached XP level 1. HP: 13/13 MP: 3/3
   402 | D:1      | Reached XP level 2. HP: 19/19 MP: 1/5
   564 | D:1      | You fall into a shaft and drop 1 floor!
   564 | D:2      | Found Uziobour's Antique Weapon Shoppe.
   564 | D:2      | Found Hanykk's Antique Armour Emporium.
   564 | D:2      | Found Setwatz's Jewellery Boutique.
   674 | D:2      | Reached XP level 3. HP: 13/24 MP: 0/6
  1320 | D:1      | Learned a level 3 spell: Dazzling Flash
  1323 | D:1      | Learned a level 2 spell: Searing Ray
  1387 | D:2      | Reached XP level 4. HP: 24/30 MP: 2/7
  1465 | D:2      | Reached skill level 5 in Conjurations
  1575 | D:2      | Noticed Robin
  1605 | D:2      | Killed Robin
  1620 | D:2      | Gained mutation: You are clumsy. (Dex -2) [potion of
                  | mutation]
  1620 | D:2      | Gained mutation: You are partially covered in iridescent
                  | scales. (AC +2) [potion of mutation]
  1632 | D:2      | Slain by a hobgoblin

Illustrated notes

Levels and vault maps discovered:
D:1:      minmay_arrival_wavy_path, layout_basic
D:2:      layout_rooms, serial_shops, shop, shop_fountains, shop, st_stairs_11,
          uniq_robin

Skill      XL: |  1  2  3  4 |
---------------+-------------+-----
Conjurations   | 5 |  5.1
Dodging        | |  2.2
Stealth        | |  2.4
Spellcasting   | |  2.4

Action                   |  1- 3 |  4- 6 || total
-------------------------+-------+-------++-------
Melee: Unarmed           |     1 |    12 ||    13
 Cast: Magic Dart        |    41 |    17 ||    58
       Searing Ray       |     4 |     3 ||     7
  Use: Scroll            |       |     2 ||     2
       Potion            |       |     2 ||     2
Armor: Robe              |     3 |    12 ||    15
Dodge: Dodged            |     6 |    38 ||    44

Table legend: (Time is in decaauts)
 A = Elapsed time spent in this place.
 B = Non-inter-level travel time spent in this place.
 C = Inter-level travel time spent in this place.
 D = Time resting spent in this place.
 E = Time spent auto-exploring this place.
 F = Levels seen in this place.
 G = Mean time per level.
                   A        B        C        D        E       F      G
               +--------+--------+--------+--------+--------+-----+--------+
         Total |   1633 |   1587 |     46 |    462 |    883 |   2 |  816.5 |
       Dungeon |   1633 |   1587 |     46 |    462 |    883 |   2 |  816.5 |
               +--------+--------+--------+--------+--------+-----+--------+

Top non-repeatable levels by time:
     D:1: 1071 daAuts
     D:2: 562 daAuts
